 Dungeon Crawl Stone Soup version 0.22-a0-407-gb098539 (webtiles) character file.

28 dstrtnsr the Chopper (level 3, -1/33 HPs)
             Began as a Hill Orc Berserker on May 9, 2018.
             Was a Follower of Trog.
             Slain by an orc warrior
             ... wielding a +0 hand axe
              (15 damage)
             ... on level 2 of the Dungeon.
             The game lasted 00:00:40 (980 turns).

dstrtnsr the Chopper (Hill Orc Berserker)            Turns: 980, Time: 00:00:41

Health: -1/33      AC:  2    Str: 20    XL:     3   Next: 12%
Magic:  3/3        EV: 12    Int:  7    God:    Trog [*.....]
Gold:   7          SH:  0    Dex: 10    Spells: 2/2 levels left

rFire    . . .     SeeInvis .   a - +0 hand axe
rCold    . . .     Gourm    .   (no shield)
rNeg     . . .     Faith    .   b - +0 animal skin
rPois    .         Spirit   .   (no helmet)
rElec    .         Reflect  .   (no cloak)
rCorr    .         Harm     .   (no gloves)
MR       .....                  (no boots)
Stlth    +.........             (no amulet)
HPRegen  0.11/turn              (no ring)
MPRegen  0.08/turn              (no ring)

@: no status effects
A: no striking features
a: Berserk, Renounce Religion


You were on level 2 of the Dungeon.
You worshipped Trog.
Trog was aware of your devotion.
You were not hungry.

You visited 1 branch of the dungeon, and saw 2 of its levels.

You collected 7 gold pieces.

Inventory:

Hand Weapons
 a - a +0 hand axe (weapon)
Armour
 b - a +0 animal skin (worn)
Scrolls
 c - 2 scrolls of identify {unknown}
 d - 2 scrolls of teleportation {unknown}
Potions
 g - a potion of agility {unknown}
 h - a potion of curing {unknown}
 i - a potion of might {unknown}
Comestibles
 e - a ration {!d}
 f - 3 chunks of flesh


   Skills:
 + Level 4.1 Fighting
 * Level 5.1 Axes
 - Level 2.1 Armour
 - Level 1.5 Dodging


You had 2 spell levels left.
You didn't know any spells.

Dungeon Overview and Level Annotations

Branches:
Dungeon (2/15)

Altars:


Message History

You see here a spear.
You slash the rat!
You kill the rat!
Trog accepts your kill.
No target in view!
No target in view!
No target in view!
No target in view!
No target in view!
No target in view!
No target in view!
No target in view!
No target in view!
You butcher the rat corpse.
f - a chunk of flesh A hobgoblin comes into view.
It is wielding a club.
The hobgoblin shouts!
A hobgoblin is nearby!
A hobgoblin is nearby!
A hobgoblin is nearby!
A hobgoblin is nearby!
A hobgoblin is nearby!
A hobgoblin is nearby!
The hobgoblin misses you.
You hit the hobgoblin but do no damage. The hobgoblin closely misses you.
You closely miss the hobgoblin. The hobgoblin hits you with a club.
You hit the hobgoblin.
The hobgoblin is almost dead.
The hobgoblin closely misses you.
You hit the hobgoblin.
You kill the hobgoblin!
Trog accepts your kill.
No target in view!
No target in view!
No target in view!
No target in view!
No target in view!
No target in view!
No target in view!
No target in view!
No target in view!
No target in view!
No target in view!
No target in view!
Things that are here:
a club; a hobgoblin corpse You butcher the hobgoblin corpse.
f - 3 chunks of flesh (gained 2)
You see here a club. x2
d - 2 scrolls labeled HEAZOHIJEGH (gained 1)
A frilled lizard comes into view.
A frilled lizard is nearby!
A frilled lizard is nearby!
A frilled lizard is nearby!
A frilled lizard is nearby!
A frilled lizard is nearby!
The frilled lizard hisses angrily.
You hit the frilled lizard but do no damage.
The frilled lizard bites you but does no damage.
You hit the frilled lizard.
You kill the frilled lizard!
Trog accepts your kill.
No target in view!
No target in view!
No target in view!
No target in view!
No target in view!
No target in view!
No target in view!
No target in view!
No target in view!
No target in view!
No target in view!
No target in view!
No target in view!
You see here a spear.
An orc and an orc warrior come into view.
The orc warrior shouts!
The orc shouts!
The orc warrior moves out of view.
An orc comes into view. It is wielding a hand axe.
There are monsters nearby!
There are monsters nearby!
There are monsters nearby!
There are monsters nearby!
An orc comes into view.
The orc shouts!
There are monsters nearby!
The orc shouts!
You barely miss the orc warrior.
The orc warrior hits you with a hand axe.
You hit the orc warrior.
The orc warrior is lightly wounded.
The orc warrior hits you with a hand axe!
You barely miss the orc warrior.
The orc warrior is lightly wounded.
The orc warrior hits you but does no damage.
You hit the orc warrior but do no damage.
The orc warrior is lightly wounded.
The orc warrior hits you with a hand axe!
You die...

.# #.......# .#
.# #.......# .#
.# #.....).#
#.#### .#
######..#
###..... .#
#.########## .#
######+.......##
.#
#.......#####.##
.###.......# #.#
.....<.....# #@#
...........# #o#
...........# #o#
......[)...#


oo# ...........+ ... ...........# #### ...#....<..# ...#######.# ...# .# You
could see an orc warrior and 3 orcs.

Vanquished Creatures
  A worm (D:2)
  A dart slug (D:1)
  A bat (D:1)
  3 giant cockroaches (D:1)
  3 goblins (D:1)
  6 hobgoblins
  2 kobolds (D:1)
  A frilled lizard (D:2)
  A rat (D:2)
19 creatures vanquished.

Notes
Turn   | Place    | Note
-------+----------+-------------------------------------------
     0 | D:1      | dstrtnsr the Hill Orc Berserker began the quest for the Orb.
     0 | D:1      | Reached XP level 1. HP: 19/19 MP: 1/1
    65 | D:1      | HP: 3/20 [hobgoblin/club (6)]
    68 | D:1      | Reached XP level 2. HP: 6/27 MP: 2/2
    70 | D:1      | HP: 4/40 [kobold/whip of electrocution (3)]
   645 | D:2      | Reached skill level 5 in Axes
   651 | D:2      | HP: 8/27 [worm (10)]
   654 | D:2      | Reached XP level 3. HP: 14/33 MP: 3/3
   973 | D:2      | Noticed an orc warrior
   980 | D:2      | Slain by an orc warrior

Vault maps used:
D:1:      lemuel_arrival_hallway, minmay_crystal_room
D:2:      yredelemnul_forgotten_temple_becter, serial_co_window_serial,
          co_window_paths_b, co_window_of_opportunity_a,
          co_window_of_opportunity_a, co_window_paths_b, co_window_paths_a,
          co_window_of_opportunity_c, co_window_corner_ca, co_window_2corner,
          co_window_cross_4, glass_columns_a, glass_columns_a, glass_columns_a,
          glass_columns_c, glass_columns_a, first_ration,
          uniq_crazy_yiuf_cottage

Skill      XL: |  1  2 |
---------------+-------+-----
Fighting       | 4 |  4.1
Axes           | 5 |  5.1
Armour         | |  2.1
Dodging        | |  1.5

Action                   || total
-------------------------++-------
Melee: Hand axe          ||    70
Invok: Berserk           ||     3
  Eat: Chunk             ||     3
Armor: Animal skin       ||    10
Dodge: Dodged            ||    48

Table legend:
 A = Spawn XP
 B = Non-spawn XP
 C = Spawn XP percentage of total XP
 D = Spawn monster count
 E = Non-spawn monster count
 F = Spawn count percentage of total count
 G = Total turns spent on level
                    A         B        C        D         E        F      G
               +---------+---------+-------+---------+---------+-------+---------
         Total |       0 |      40 |   0.0 |       0 |      19 |   0.0 |   980
               +---------+---------+-------+---------+---------+-------+---------
           D:1 |       0 |      29 |   0.0 |       0 |      14 |   0.0 |   641
           D:2 |       0 |      11 |   0.0 |       0 |       5 |   0.0 |   339
               +---------+---------+-------+---------+---------+-------+---------
